 Dungeon Crawl Stone Soup version 0.28.0-53-g5a82cb258f (webtiles) character file.

Game seed: 5629812671361128636

2573 TacoSundae the Destroyer (level 9, -9/62 HPs)
             Began as a Demonspawn Fire Elementalist on June 8, 2022.
             Was a Follower of Vehumet.
             Mangled by Harold
             ... wielding a +0 war axe
              (18 damage)
             ... on level 7 of the Dungeon.
             The game lasted 00:28:55 (7220 turns).

TacoSundae the Destroyer (DsFE)                     Turns: 7220, Time: 00:28:56

Health: -9/62      AC:  5    Str:  8    XL:     9   Next: 32%
Magic:  11/17      EV:  6    Int: 27    God:    Vehumet [*.....]
Gold:   146        SH:  0    Dex: 14    Spells: 12/19 levels left

rFire   + . .      SeeInvis .   a - staff of fire
rCold   . . .      Faith    .   (no shield)
rNeg    + . .      Spirit   .   y - +1 robe {rN+}
rPois   .          Reflect  .   (helmet restricted)
rElec   .          Harm     .   (no cloak)
rCorr   .          Rampage  .   (no gloves)
Will    .....                   (no boots)
Stlth   ++........              (no amulet)
HPRegen 0.20/turn               o - +6 ring of intelligence
MPRegen 0.30/turn               (no ring)

@: about to teleport, held, invisible
A: antennae 2, thin metallic scales 1, spiny 1, magic regeneration
a: Renounce Religion


You were on level 7 of the Dungeon.
You worshipped Vehumet.
Vehumet was aware of your devotion.
You visited 2 branches of the dungeon, and saw 8 of its levels.
You also visited: Bailey.

You collected 166 gold pieces.
You spent 20 gold pieces at shops.

Inventory:

Hand Weapons
 b - a +1 mace of protection
 f - a +1 scimitar of flaming
 m - a +3 scythe of distortion
 u - a +3 short sword
 x - a +2 falchion of freezing
Missiles
 e - 4 poisoned darts
Armour
 g - +0 acid dragon scales
 y - a +1 robe of positive energy (worn)
Magical Staves
 a - a staff of fire (weapon)
Jewellery
 o - a +6 ring of intelligence (left hand)
Scrolls
 d - a scroll of teleportation
 k - a scroll of magic mapping
 n - a scroll of fog
 q - 3 scrolls of vulnerability
 w - a scroll of identify
Potions
 j - 3 potions of lignification {unknown}
 l - a potion of magic {unknown}
 p - a potion of flight
 r - a potion of haste {unknown}
 s - a potion of curing
 v - a potion of cancellation


   Skills:
 + Level 2.5 Fighting
 - Level 4.1 Staves
 - Level 1.7 Dodging
 - Level 1.7 Stealth
 + Level 5.5 Spellcasting
 * Level 8.1 Conjurations
 + Level 5.8 Fire Magic


You had 12 spell levels left.
You knew the following spells:

 Your Spells              Type           Power      Damage    Failure   Level
a - Foxfire               Conj/Fire      100%       2x1d9     1%          1
b - Scorch                Fire           100%       2d10      1%          2
c - Flame Wave            Conj/Fire      61%        2d12      3%          4

Your spell library contained the following spells:

 Spells                   Type           Power      Damage    Failure   Level
 Sandblast                Erth           14%        2d6       7%          1
 Conjure Flame            Conj/Fire      61%        6-21      1%          3
 Inner Flame              Hex/Fire       34%        N/A       6%          3
 Corpse Rot               Necr/Air       14%        N/A       11%         2
 Poisonous Vapours        Pois/Air       14%        N/A       11%         2
 Petrify                  Tmut/Erth      7%         N/A       56%         4
 Metabolic Englaciation   Hex/Ice        3%         N/A       88%         5
 Statue Form              Tmut/Erth      4%         N/A       100%        6


Dungeon Overview and Level Annotations

Branches:
Dungeon (7/15)             Temple (1/1) D:4          Bailey (visited)

Altars:
Ashenzari
Cheibriados
Dithmenos
Elyvilon
Fedhas
Kikubaaqudgha
Makhleb
Okawaru
Qazlal
Ru
Sif Muna
Trog
Uskayaw
Vehumet
Wu Jian
Xom
Yredelemnul
Zin
The Shining One

Shops:
D:4 (*?

Annotations:
D:3 1 runed translucent door, Crazy Yiuf
D:7 Harold


Innate Abilities, Weirdness & Mutations

You have a pair of antennae on your head.
You are partially covered in thin metallic scales. (AC +2)
You are partially covered in sharp spines.
You regenerate magic rapidly.


Message History

Your foxfire dissipates!
Casting: Scorch (safe; 1% risk of failure)
Confirm with . or Enter, or press ? or * to list all spells.
You feel a surge of power!
You conjure some foxfire!
Casting: Foxfire (safe; 1% risk of failure)
Confirm with . or Enter, or press ? or * to list all spells.
You feel a surge of power!
Flames lash Harold.
Harold is burned terribly!
Harold is moderately wounded.
The foxfire hits Harold.
Harold is burned terribly!
Harold is heavily wounded.
The foxfire hits Harold but does no damage.
Harold is heavily wounded.
Harold throws a throwing net.
The throwing net hits you.
You become entangled in the net!
You struggle against the net.
You struggle against the net.
Harold hits you with a +0 war axe!
You struggle against the net.
Harold is struck by your spines. Harold hits you with a +0 war axe!
You fade into invisibility!
Harold hits you with a +0 war axe!
Casting: Scorch (safe; 1% risk of failure)
Confirm with . or Enter, or press ? or * to list all spells.
Okay, then.
Okay, then.
Casting: Scorch (safe; 1% risk of failure)
Confirm with . or Enter, or press ? or * to list all spells.
You feel a surge of power!
You conjure some foxfire!
Harold hits you with a +0 war axe!
* * * LOW HITPOINT WARNING * * *
Harold hits your foxfire with a +0 war axe!
Unknown command.
As you read the scroll of teleportation, it crumbles to dust.
You feel strangely unstable.
Harold is no longer more vulnerable to fire.
The foxfire hits Harold.
Harold is heavily wounded.
The foxfire hits Harold.
Harold is heavily wounded.
Harold hits you with a +0 war axe!!
You die...

### ..# #.#{ ############
.#.# #######.§........# .#.#
...$.l@@.........##
.#.#############...........#
...#.......................#
.^.....÷......>.#.≈≈≈≈≈≈≈..#
#..#<.<.....#.#...≈##)##≈..#
#..#.#)..#..#.##..≈#)..#≈.##
##...#...#..#.##..≈#.∩.#≈.#
#......†#..#.##..≈#...#≈.##
#..###[....#.##..≈#####≈..#


You could see Harold and a wyvern.

Vanquished Creatures
  Maggie (D:6)
  Sigmund (D:4)
  2 water moccasins
  Duvessa (D:7)
  A sky beast (D:5)
  2 ice beasts (D:5)
  A black bear (D:5)
  An orc warrior (D:6)
  2 necrophages (D:5)
  An ogre (D:4)
  A centaur (D:6)
  2 scorpions
  2 water moccasin zombies (D:5)
  Dowan (D:7)
  3 wights (D:5)
  A bullfrog zombie (D:5)
  2 centaur zombies
  3 hounds
  A jelly (D:6)
  2 bullfrog skeletons
  A human zombie (D:5)
  2 orc priests
  2 orc wizards
  A scorpion zombie (D:5)
  3 hound zombies (D:5)
  A mummy (D:5)
  4 gnolls
  5 adders
  A white imp (D:6)
  3 dart slugs (D:1)
  12 orcs
  2 ball pythons
  3 bats
  5 endoplasms
  A giant cockroach (D:1)
  6 goblins
  3 hobgoblins (D:2)
  2 jackals (D:1)
  4 quokkas
  A frilled lizard (D:1)
  14 kobolds
  A rat (D:1)
108 creatures vanquished.

Vanquished Creatures (others)
  294 foxfires
294 creatures vanquished.

Grand Total: 402 creatures vanquished

Notes
Turn   | Place    | Note
-------+----------+-------------------------------------------
     0 | D:1      | TacoSundae the Demonspawn Fire Elementalist began the quest
                  | for the Orb.
     0 | D:1      | Reached XP level 1. HP: 13/13 MP: 3/3
   469 | D:1      | Gained mutation: You are partially covered in sharp spines.
                  | [demonic ancestry]
   469 | D:1      | Reached XP level 2. HP: 19/19 MP: 5/5
   814 | D:1      | Reached skill level 2 in Conjurations
   847 | D:1      | Learned a level 2 spell: Scorch
  1236 | D:2      | Found a faded altar of an unknown god.
  1530 | D:2      | Gained mutation: You have a pair of small antennae on your
                  | head. [demonic ancestry]
  1530 | D:2      | Reached XP level 3. HP: 24/24 MP: 2/6
  2321 | D:2      | Gained mutation: You have a pair of antennae on your head.
                  | [demonic ancestry]
  2321 | D:2      | Reached XP level 4. HP: 14/30 MP: 1/7
  2831 | D:3      | Found a runed translucent door.
  2832 | D:3      | Noticed Crazy Yiuf
  2891 | D:3      | Reached skill level 1 in Staves
  2891 | D:3      | Reached skill level 3 in Conjurations
  2917 | D:3      | Reached XP level 5. HP: 23/35 MP: 0/9
  3426 | D:4      | Found Jusim's Magic Scroll Shop.
  3430 | D:4      | Noticed Sigmund
  3435 | D:4      | Killed Sigmund
  3436 | D:4      | Reached skill level 4 in Conjurations
  3436 | D:4      | Reached XP level 6. HP: 37/41 MP: 2/10
  3445 | D:4      | Bought a scroll of identify for 20 gold pieces
  3496 | D:4      | Found Biaq's Assorted Antiques.
  3618 | D:4      | Found Wiogahie's Weapon Shoppe.
  3671 | D:4      | Found a staircase to the Ecumenical Temple.
  3683 | Temple   | Entered the Ecumenical Temple
  3743 | Temple   | Became a worshipper of Vehumet
  4007 | D:4      | Found Byip's Weapon Shop.
  4040 | D:5      | Entered Level 5 of the Dungeon
  4047 | D:5      | Noticed a water moccasin
  4049 | D:5      | Killed a water moccasin
  4050 | D:5      | Gained mutation: You regenerate magic rapidly. [demonic
                  | ancestry]
  4050 | D:5      | Reached XP level 7. HP: 42/46 MP: 7/12
  4113 | D:5      | Reached skill level 5 in Conjurations
  4207 | D:5      | Learned a level 4 spell: Flame Wave
  4327 | D:5      | Found a shimmering blue altar of Sif Muna.
  4453 | D:5      | Reached XP level 8. HP: 44/52 MP: 5/14
  4518 | D:5      | Reached skill level 6 in Conjurations
  4590 | D:5      | Found an ancient bone altar of Kikubaaqudgha.
  4879 | D:5      | Reached skill level 5 in Fire Magic
  4902 | D:5      | Reached * piety under Vehumet
  4902 | D:5      | Offered knowledge of Sandblast by Vehumet.
  4995 | D:5      | Reached skill level 7 in Conjurations
  5644 | D:6      | Reached skill level 5 in Spellcasting
  5923 | D:6      | Reached skill level 1 in Fighting
  6027 | D:6      | Found a sacrificial altar of Ru.
  6666 | D:7      | Noticed Maggie
  6667 | D:7      | Gained mutation: You are partially covered in thin metallic
                  | scales. (AC +2) [demonic ancestry]
  6667 | D:7      | Reached XP level 9. HP: 59/59 MP: 14/16
  6689 | D:6      | Killed Maggie
  6912 | D:7      | Reached skill level 8 in Conjurations
  6922 | D:7      | Noticed Duvessa
  6927 | D:7      | Noticed Dowan
  6931 | D:7      | Killed Duvessa
  7020 | D:7      | Killed Dowan
  7128 | D:7      | Found a flagged portal.
  7146 | Bailey   | Entered a bailey
  7162 | Bailey   | Noticed an orc knight
  7165 | Bailey   | Noticed an orc knight
  7208 | D:7      | Noticed Harold
  7220 | D:7      | Mangled by Harold

Illustrated notes

Levels and vault maps discovered:
D:1:      minmay_arrival_four_loops, layout_basic
D:2:      layout_loops_cross, basic_ecumenical_altar
D:3:      layout_basic, st_stairs_6, uniq_crazy_yiuf_cottage
D:4:      layout_rooms, minmay_temple_entry_drinking_statues, serial_shops,
          shop, kennysheep_mini, shop_fountains, shop, minivault_1,
          hangedman_glass_teeth, uniq_sigmund
D:5:      layout_basic, nicolae_sif_muna_condensation,
          lemuel_mausoleum_altar_kikubaaqudgha, minmay_misc_feat_square
D:6:      layout_basic, nicolae_ru_path_of_blood
D:7:      layout_basic, serial_shops, nicolae_shop_waterfront, enter_bailey_3,
          uniq_joseph, uniq_duvessa, uniq_harold, uniq_maggie
Temple:   nicolae_temple_x_marks_the_god

Skill      XL: |  1  2  3  4  5  6  7  8  9 |
---------------+----------------------------+-----
Conjurations   | 2 3 4 5 7 8 |  8.1
Fire Magic     | 3 4 5 |  5.8
Staves         | 1 2 3 4 |  4.1
Spellcasting   | 3 4 5 |  5.5
Fighting       | 1 2 |  2.5
Dodging        | |  1.7
Stealth        | |  1.7

Action                   |  1- 3 |  4- 6 |  7- 9 || total
-------------------------+-------+-------+-------++-------
Melee: Short sword       |    11 |       |       ||    11
       Staff             |     6 |     3 |    15 ||    24
 Cast: Foxfire           |    34 |    27 |   113 ||   174
       Scorch            |     7 |     9 |    56 ||    72
  Use: Scroll            |     7 |     3 |     6 ||    16
       Potion            |       |       |     2 ||     2
Armor: Robe              |     8 |     1 |     9 ||    18
Dodge: Dodged            |    13 |     1 |    29 ||    43
